[ AOE2 MATCH · #476737218 ]
UnrankedTeutons vs Khmer
[ REPLAY ANALYSIS · EXTRACTED FROM THE RECORDED GAME ]
Feudal
8:10
Castle
—
Imperial
—
| APM avg | 30.4 |
| APM peak | 70 |
| eAPM avg | 15.3 |
| Villagers / military | 43 / 0 |
Focus
⚔️ 29.6% · 🌾 70.4%
Feudal
9:28
Castle
14:24
Imperial
—
| APM avg | 36.8 |
| APM peak | 70 |
| eAPM avg | 15.2 |
| Villagers / military | 70 / 23 |
Focus
⚔️ 13.1% · 🌾 86.9%
Knight ×21 · Mangonel ×2
Feudal
8:39
Castle
—
Imperial
—
| APM avg | 36.8 |
| APM peak | 75 |
| eAPM avg | 21.2 |
| Villagers / military | 30 / 0 |
Focus
⚔️ 47.2% · 🌾 52.8%
Feudal
11:01
Castle
14:32
Imperial
—
| APM avg | 33.5 |
| APM peak | 80 |
| eAPM avg | 16.5 |
| Villagers / military | 52 / 20 |
Focus
⚔️ 27.5% · 🌾 72.5%
Steppe Lancer ×19 · Monk ×1
Feudal
10:35
Castle
14:09
Imperial
—
| APM avg | 19.1 |
| APM peak | 47 |
| eAPM avg | 10.5 |
| Villagers / military | 48 / 5 |
Focus
⚔️ 4.9% · 🌾 95.1%
Mangonel ×5
Feudal
10:35
Castle
13:15
Imperial
—
| APM avg | 58.2 |
| APM peak | 125 |
| eAPM avg | 31.3 |
| Villagers / military | 99 / 22 |
Focus
⚔️ 46.2% · 🌾 53.8%
Knight ×19 · Scout Cavalry ×3
Feudal
10:36
Castle
14:14
Imperial
—
| APM avg | 34.1 |
| APM peak | 80 |
| eAPM avg | 14.1 |
| Villagers / military | 39 / 9 |
Focus
⚔️ 29.0% · 🌾 71.0%
Knight ×7 · Monk ×2
Feudal
8:54
Castle
12:34
Imperial
—
| APM avg | 33.9 |
| APM peak | 86 |
| eAPM avg | 17.6 |
| Villagers / military | 57 / 31 |
Focus
⚔️ 37.8% · 🌾 62.2%
Scorpion ×30 · Battering Ram ×1
Match map
Initial resources + every placement click. Lines = walls · curves = elevation contours. ◆ gold · ⬟ stone · ● berries · ✦ relic · ◌ wall gap
Your base· ✓ Closed at 24:34 · 0t walls · 2 gate(s)
彪德西's base· ✓ Closed at 14:24 · 0t walls · 2 gate(s)
Bizzy's base· ✓ Closed at 12:00 · 23t walls · 3 gate(s)
慕华花繁's base· ✓ Closed at 14:32 · 0t walls · 2 gate(s)
vince's base· ✓ Closed at 14:09 · 0t walls · 2 gate(s)
看到西班牙两股战战几欲先走's base· ✓ Closed at 13:15 · 0t walls · 3 gate(s)
joosephy's base· ✓ Closed at 14:14 · 0t walls · 4 gate(s)
Izumi Yuki's base· ✓ Closed at 12:34 · 0t walls · 2 gate(s)
Smoothed initial terrain · ◌ = detected wall gap · hover for details
Inputs per minute
— TS-精锐狐狐 - - 彪德西
Build order — TS-精锐狐狐
84 actions detected in the replay
| 0:01 | Create | Villager (Male) ×4 |
| 0:03 | Build | House |
| 0:05 | Build | House |
| 1:14 | Create | Villager (Male) |
| 1:47 | Build | Lumber Camp |
| 1:52 | Create | Villager (Male) |
| 2:35 | Create | Villager (Male) |
| 2:35 | Create | Villager (Male) |
| 2:36 | Create | Villager (Male) |
| 2:57 | Create | Villager (Male) |
| 3:14 | Create | Villager (Male) |
| 3:57 | Create | Villager (Male) |
| 4:03 | Build | House |
| 4:13 | Create | Villager (Male) |
| 4:38 | Build | Mining Camp |
| 4:57 | Create | Villager (Male) |
| 4:57 | Research | Loom |
| 6:00 | Research | Feudal Age |
| 7:03 | Create | Villager (Male) |
| 7:23 | Create | Villager (Male) |
| 7:55 | Create | Villager (Male) |
| 8:10 | Age | Feudal Age |
| 8:25 | Build | Watch Tower |
| 8:53 | Build | Blacksmith |
| 9:15 | Create | Villager (Male) |
| 9:27 | Build | Watch Tower |
| 9:34 | Build | House |
| 9:36 | Create | Villager (Male) |
| 10:00 | Research | Fletching |
| 10:17 | Create | Villager (Male) |
| 10:34 | Create | Villager (Male) |
| 10:53 | Build | Watch Tower |
| 11:17 | Create | Villager (Male) |
| 11:17 | Create | Villager (Male) |
| 11:51 | Create | Villager (Male) |
| 12:10 | Create | Villager (Male) |
| 12:36 | Build | House |
| 13:11 | Create | Villager (Male) |
| 13:24 | Create | Villager (Male) |
| 13:45 | Create | Villager (Male) |
| 13:45 | Create | Villager (Male) |
| 14:51 | Build | Mill |
| 15:25 | Build | Watch Tower |
| 15:32 | Build | Farm |
| 15:32 | Build | Farm |
| 15:34 | Build | Farm |
| 15:35 | Build | House |
| 15:39 | Build | Farm |
| 15:40 | Build | Farm |
| 16:10 | Create | Villager (Male) |
| 16:24 | Create | Villager (Male) |
| 16:26 | Build | Farm |
| 16:29 | Build | Farm |
| 16:30 | Build | Farm |
| 16:49 | Build | House |
| 16:50 | Build | House |
| 17:21 | Create | Villager (Male) |
| 17:21 | Create | Villager (Male) |
| 17:25 | Build | Farm |
| 17:27 | Build | Farm |
| 18:00 | Research | Double-Bit Axe |
| 18:01 | Research | Horse Collar |
| 18:04 | Build | Farm |
| 18:05 | Build | Farm |
| 18:22 | Build | Watch Tower |
| 18:29 | Create | Villager (Male) |
| 18:38 | Create | Villager (Male) |
| 18:49 | Create | Villager (Male) |
| 18:56 | Build | House |
| 19:10 | Create | Villager (Male) |
| 19:53 | Build | House |
| 19:58 | Create | Villager (Male) |
| 20:26 | Create | Villager (Male) |
| 21:23 | Create | Villager (Male) |
| 21:23 | Create | Villager (Male) |
| 22:09 | Build | Mining Camp |
| 22:15 | Research | Wheelbarrow |
| 22:18 | Build | House |
| 23:27 | Create | Villager (Male) |
| 23:31 | Build | Market |
| 24:00 | Create | Villager (Male) |
| 24:02 | Research | Gold Mining |
| 24:02 | Research | Stone Mining |
| 24:34 | Research | Castle Age |
Build order — 彪德西
First 150 of 153 actions detected
| 0:03 | Build | House |
| 0:04 | Build | House |
| 0:05 | Create | Villager (Male) |
| 0:05 | Create | Villager (Male) |
| 0:05 | Create | Villager (Male) |
| 0:06 | Create | Villager (Male) |
| 0:06 | Create | Villager (Male) |
| 1:32 | Create | Villager (Male) |
| 1:32 | Create | Villager (Male) |
| 2:01 | Build | Lumber Camp |
| 2:03 | Create | Villager (Male) |
| 2:04 | Create | Villager (Male) |
| 2:22 | Create | Villager (Male) |
| 3:02 | Create | Villager (Male) |
| 3:04 | Create | Villager (Male) |
| 3:26 | Create | Villager (Male) |
| 4:06 | Build | House |
| 4:07 | Build | House |
| 4:12 | Create | Villager (Male) |
| 4:12 | Create | Villager (Male) |
| 4:46 | Create | Villager (Male) |
| 4:46 | Create | Villager (Male) |
| 4:53 | Build | Farm |
| 4:58 | Create | Villager (Male) |
| 4:58 | Create | Villager (Male) |
| 4:59 | Create | Villager (Male) |
| 5:21 | Create | Villager (Male) |
| 5:49 | Create | Villager (Male) |
| 5:51 | Build | Farm |
| 5:54 | Create | Villager (Male) |
| 5:55 | Create | Villager (Male) |
| 6:27 | Create | Villager (Male) |
| 6:27 | Create | Villager (Male) |
| 6:31 | Create | Villager (Male) |
| 6:32 | Create | Villager (Male) |
| 6:32 | Create | Villager (Male) |
| 6:53 | Build | Farm |
| 7:18 | Research | Feudal Age |
| 8:12 | Build | Mining Camp |
| 8:26 | Create | Villager (Male) |
| 8:58 | Create | Villager (Male) |
| 9:24 | Build | Mill |
| 9:28 | Age | Feudal Age |
| 9:30 | Create | Villager (Male) |
| 9:56 | Create | Villager (Male) |
| 10:13 | Build | House |
| 11:19 | Create | Villager (Male) |
| 11:38 | Research | Castle Age |
| 11:44 | Build | Lumber Camp |
| 12:28 | Build | Stable |
| 12:43 | Research | Double-Bit Axe |
| 13:22 | Build | Farm |
| 13:27 | Build | Farm |
| 13:51 | Research | Bloodlines |
| 14:03 | Build | Farm |
| 14:24 | Age | Castle Age |
| 14:40 | Create | Villager (Male) |
| 14:53 | Build | Farm |
| 14:53 | Build | Farm |
| 14:53 | Build | Farm |
| 14:54 | Build | Farm |
| 14:54 | Build | Farm |
| 15:02 | Create | Villager (Male) |
| 15:28 | Create | Villager (Male) |
| 15:29 | Create | Knight |
| 15:30 | Create | Knight |
| 15:32 | Create | Villager (Male) |
| 15:56 | Create | Villager (Male) |
| 16:14 | Create | Villager (Male) |
| 16:22 | Build | House |
| 16:23 | Build | House |
| 16:34 | Create | Knight |
| 16:51 | Create | Knight |
| 16:52 | Create | Knight |
| 16:53 | Create | Villager (Male) |
| 16:59 | Build | Town Center |
| 17:12 | Create | Villager (Male) |
| 17:18 | Create | Knight |
| 17:32 | Build | Stable |
| 17:42 | Create | Knight |
| 17:43 | Create | Villager (Male) |
| 17:51 | Create | Villager (Male) |
| 18:01 | Research | Horse Collar |
| 18:04 | Create | Knight |
| 18:20 | Create | Villager (Male) |
| 18:29 | Create | Knight |
| 18:29 | Create | Knight |
| 18:31 | Create | Villager (Male) |
| 18:45 | Create | Villager (Male) |
| 18:47 | Create | Knight |
| 18:48 | Create | Knight |
| 18:49 | Create | Villager (Male) |
| 18:49 | Create | Villager (Male) |
| 18:53 | Build | Farm |
| 18:53 | Build | Farm |
| 18:54 | Build | Farm |
| 18:54 | Build | Farm |
| 18:54 | Build | Farm |
| 18:54 | Build | Farm |
| 18:55 | Build | Farm |
| 19:10 | Build | House |
| 19:11 | Build | House |
| 19:19 | Create | Knight |
| 19:19 | Create | Knight |
| 19:19 | Create | Knight |
| 19:26 | Create | Villager (Male) |
| 19:40 | Create | Knight |
| 19:40 | Create | Knight |
| 19:49 | Create | Villager (Male) |
| 19:55 | Create | Villager (Male) |
| 20:14 | Build | Siege Workshop |
| 20:21 | Create | Villager (Male) |
| 20:37 | Create | Villager (Male) |
| 20:41 | Build | House |
| 20:45 | Create | Knight |
| 20:45 | Create | Knight |
| 20:50 | Create | Villager (Male) |
| 21:04 | Build | Farm |
| 21:04 | Build | Farm |
| 21:04 | Build | Farm |
| 21:04 | Build | Farm |
| 21:05 | Build | Farm |
| 21:05 | Build | Farm |
| 21:25 | Build | House |
| 21:28 | Build | House |
| 21:30 | Create | Mangonel |
| 21:31 | Create | Villager (Male) |
| 21:46 | Create | Villager (Male) |
| 21:47 | Create | Villager (Male) |
| 22:01 | Create | Knight |
| 22:03 | Create | Villager (Male) |
| 22:12 | Create | Villager (Male) |
| 22:42 | Create | Villager (Male) |
| 22:45 | Create | Villager (Male) |
| 23:07 | Create | Villager (Male) |
| 23:13 | Create | Villager (Male) |
| 23:25 | Create | Villager (Male) |
| 23:33 | Create | Villager (Male) |
| 23:35 | Create | Knight |
| 23:36 | Create | Mangonel |
| 23:39 | Create | Villager (Male) |
| 23:53 | Build | Castle |
| 24:09 | Create | Villager (Male) |
| 24:12 | Build | Farm |
| 24:13 | Build | Farm |
| 24:13 | Build | Farm |
| 24:13 | Build | Farm |
| 24:13 | Build | Farm |
| 24:14 | Build | Farm |
| 24:16 | Create | Villager (Male) |
Build order — Bizzy
84 actions detected in the replay
| 0:02 | Create | Villager (Male) |
| 0:02 | Create | Villager (Male) |
| 0:03 | Build | House |
| 0:03 | Build | House |
| 0:06 | Build | House |
| 0:19 | Create | Villager (Male) |
| 0:23 | Create | Villager (Male) |
| 0:23 | Create | Villager (Male) |
| 1:34 | Create | Villager (Male) |
| 1:47 | Build | Lumber Camp |
| 1:52 | Create | Villager (Male) |
| 2:19 | Create | Villager (Male) |
| 2:39 | Create | Villager (Male) |
| 2:52 | Create | Villager (Male) |
| 3:20 | Create | Villager (Male) |
| 3:30 | Build | House |
| 3:41 | Create | Villager (Male) |
| 4:24 | Build | Mill |
| 4:27 | Create | Villager (Male) |
| 4:32 | Create | Villager (Male) |
| 4:47 | Create | Villager (Male) |
| 5:08 | Create | Villager (Male) |
| 5:56 | Research | Loom |
| 6:29 | Research | Feudal Age |
| 7:02 | Build | Mining Camp |
| 7:44 | Create | Villager (Male) |
| 7:54 | Build | Palisade Wall |
| 8:18 | Build | Palisade Wall |
| 8:39 | Age | Feudal Age |
| 8:39 | Build | Palisade Wall |
| 8:47 | Build | Watch Tower |
| 8:50 | Build | Palisade Wall |
| 9:00 | Create | Villager (Male) |
| 9:09 | Build | Palisade Wall |
| 9:18 | Build | Palisade Wall |
| 9:22 | Build | Palisade Wall |
| 9:29 | Create | Villager (Male) |
| 9:39 | Build | Palisade Wall |
| 9:52 | Create | Villager (Male) |
| 10:03 | Build | House |
| 10:08 | Research | Wheelbarrow |
| 10:15 | Build | House |
| 10:17 | Create | Villager (Male) |
| 10:28 | Build | House |
| 10:37 | Build | Palisade Wall |
| 10:52 | Build | Watch Tower |
| 10:54 | Create | Villager (Male) |
| 11:23 | Build | Palisade Gate |
| 12:02 | Build | Palisade Wall |
| 12:04 | Build | Palisade Wall |
| 12:06 | Build | Palisade Wall |
| 12:07 | Build | Palisade Wall |
| 12:08 | Create | Villager (Male) |
| 12:30 | Create | Villager (Male) |
| 14:24 | Build | Watch Tower |
| 15:29 | Create | Villager (Male) |
| 15:45 | Build | Gate |
| 16:11 | Create | Villager (Male) |
| 16:45 | Build | Watch Tower |
| 16:49 | Build | House |
| 16:58 | Create | Villager (Male) |
| 17:22 | Build | House |
| 17:26 | Build | House |
| 17:28 | Build | Palisade Wall |
| 17:29 | Build | Palisade Wall |
| 17:32 | Create | Villager (Male) |
| 17:41 | Build | House |
| 17:43 | Build | House |
| 17:45 | Build | Palisade Wall |
| 17:46 | Build | Palisade Wall |
| 17:47 | Build | Palisade Wall |
| 18:10 | Create | Villager (Male) |
| 18:21 | Build | Watch Tower |
| 18:31 | Build | House |
| 18:33 | Build | House |
| 18:35 | Build | Palisade Wall |
| 18:36 | Build | House |
| 19:15 | Create | Villager (Male) |
| 19:33 | Build | Farm |
| 19:34 | Build | Farm |
| 19:35 | Build | Farm |
| 19:35 | Build | Farm |
| 19:39 | Build | Farm |
| 20:00 | Build | Farm |
Build order — 慕华花繁
148 actions detected in the replay
| 0:01 | Create | Villager (Male) |
| 0:02 | Build | House |
| 0:03 | Build | House |
| 0:15 | Create | Villager (Male) |
| 0:15 | Create | Villager (Male) |
| 0:16 | Create | Villager (Male) |
| 0:16 | Create | Villager (Male) |
| 1:36 | Create | Villager (Male) |
| 1:37 | Create | Villager (Male) |
| 1:56 | Build | Lumber Camp |
| 2:02 | Create | Villager (Male) |
| 2:02 | Create | Villager (Male) |
| 2:17 | Create | Villager (Male) |
| 2:17 | Create | Villager (Male) |
| 2:59 | Build | House |
| 3:01 | Build | House |
| 3:02 | Build | House |
| 3:10 | Create | Villager (Male) |
| 3:10 | Create | Villager (Male) |
| 3:25 | Create | Villager (Male) |
| 3:55 | Build | House |
| 3:56 | Build | House |
| 4:01 | Create | Villager (Male) |
| 4:01 | Create | Villager (Male) |
| 4:01 | Create | Villager (Male) |
| 5:10 | Build | Mill |
| 5:15 | Create | Villager (Male) |
| 5:15 | Create | Villager (Male) |
| 6:04 | Create | Villager (Male) |
| 6:04 | Create | Villager (Male) |
| 6:05 | Create | Villager (Male) |
| 6:05 | Create | Villager (Male) |
| 6:30 | Create | Villager (Male) |
| 6:30 | Create | Villager (Male) |
| 8:02 | Build | Mining Camp |
| 8:24 | Create | Villager (Male) |
| 8:51 | Research | Feudal Age |
| 9:50 | Build | Barracks |
| 9:55 | Create | Villager (Male) |
| 9:55 | Create | Villager (Male) |
| 10:56 | Build | House |
| 11:01 | Age | Feudal Age |
| 11:03 | Build | Stable |
| 11:06 | Build | Blacksmith |
| 11:19 | Research | Double-Bit Axe |
| 11:20 | Research | Horse Collar |
| 11:52 | Research | Castle Age |
| 12:12 | Build | Farm |
| 12:20 | Build | Farm |
| 12:21 | Build | Farm |
| 12:22 | Build | Farm |
| 12:28 | Build | Farm |
| 12:43 | Research | Bloodlines |
| 12:43 | Research | Bloodlines |
| 13:01 | Create | Villager (Male) |
| 13:11 | Build | Farm |
| 14:11 | Research | Forging |
| 14:18 | Build | Stable |
| 14:26 | Research | Horse Collar |
| 14:32 | Age | Castle Age |
| 14:35 | Build | Lumber Camp |
| 14:37 | Create | Steppe Lancer |
| 14:37 | Create | Steppe Lancer |
| 14:39 | Create | Villager (Male) |
| 14:51 | Build | Farm |
| 15:04 | Create | Villager (Male) |
| 15:18 | Build | Farm |
| 15:21 | Build | Farm |
| 15:34 | Build | Farm |
| 15:37 | Build | Farm |
| 15:43 | Create | Villager (Male) |
| 15:58 | Create | Villager (Male) |
| 16:12 | Build | Farm |
| 16:17 | Build | Farm |
| 16:19 | Build | Farm |
| 16:21 | Build | Farm |
| 16:27 | Build | Farm |
| 16:28 | Build | Farm |
| 16:41 | Create | Villager (Male) |
| 16:42 | Create | Steppe Lancer |
| 16:55 | Create | Villager (Male) |
| 17:10 | Create | Steppe Lancer |
| 17:12 | Build | Farm |
| 17:13 | Build | Farm |
| 17:14 | Build | Farm |
| 17:15 | Build | Farm |
| 17:37 | Create | Villager (Male) |
| 17:41 | Create | Steppe Lancer |
| 18:05 | Create | Villager (Male) |
| 18:06 | Create | Steppe Lancer |
| 18:13 | Build | Farm |
| 18:18 | Build | House |
| 18:19 | Build | House |
| 18:21 | Build | House |
| 18:31 | Create | Steppe Lancer |
| 18:33 | Create | Villager (Male) |
| 18:47 | Create | Steppe Lancer |
| 19:05 | Create | Villager (Male) |
| 19:08 | Create | Steppe Lancer |
| 19:26 | Create | Villager (Male) |
| 19:28 | Create | Steppe Lancer |
| 20:01 | Create | Villager (Male) |
| 20:02 | Create | Steppe Lancer |
| 20:02 | Create | Steppe Lancer |
| 20:26 | Build | Monastery |
| 20:28 | Create | Villager (Male) |
| 20:29 | Create | Steppe Lancer |
| 20:30 | Create | Steppe Lancer |
| 20:45 | Create | Steppe Lancer |
| 20:46 | Create | Villager (Male) |
| 20:51 | Build | House |
| 20:53 | Build | House |
| 20:54 | Build | House |
| 20:55 | Build | House |
| 20:55 | Build | House |
| 21:25 | Create | Monk |
| 21:26 | Create | Steppe Lancer |
| 21:26 | Create | Steppe Lancer |
| 21:27 | Create | Villager (Male) |
| 21:27 | Create | Villager (Male) |
| 21:57 | Create | Villager (Male) |
| 21:58 | Create | Villager (Male) |
| 22:05 | Build | House |
| 22:06 | Build | Farm |
| 22:07 | Build | Farm |
| 22:07 | Build | Farm |
| 22:07 | Build | Farm |
| 22:08 | Build | Farm |
| 22:08 | Build | Farm |
| 22:12 | Build | Farm |
| 22:14 | Research | Wheelbarrow |
| 22:16 | Create | Steppe Lancer |
| 22:16 | Create | Steppe Lancer |
| 22:22 | Build | House |
| 22:52 | Research | Heavy Plow |
| 22:54 | Research | Bow Saw |
| 22:54 | Research | Bow Saw |
| 23:02 | Build | Lumber Camp |
| 23:17 | Build | House |
| 23:17 | Build | House |
| 23:29 | Build | Farm |
| 23:31 | Create | Villager (Male) |
| 23:56 | Create | Villager (Male) |
| 24:17 | Create | Villager (Male) |
| 24:31 | Build | House |
| 24:45 | Build | Town Center |
| 24:48 | Create | Villager (Male) |
| 24:49 | Create | Villager (Male) |
Build order — vince
101 actions detected in the replay
| 0:02 | Create | Villager (Male) |
| 0:02 | Create | Villager (Male) |
| 0:03 | Create | Villager (Male) |
| 0:03 | Create | Villager (Male) |
| 0:03 | Create | Villager (Male) |
| 0:05 | Build | House |
| 0:06 | Build | House |
| 1:29 | Create | Villager (Male) |
| 1:29 | Create | Villager (Male) |
| 1:53 | Build | Lumber Camp |
| 2:10 | Create | Villager (Male) |
| 2:10 | Create | Villager (Male) |
| 2:10 | Create | Villager (Male) |
| 2:30 | Create | Villager (Male) |
| 2:30 | Create | Villager (Male) |
| 2:52 | Create | Villager (Male) |
| 2:52 | Create | Villager (Male) |
| 2:52 | Create | Villager (Male) |
| 3:20 | Create | Villager (Male) |
| 3:20 | Create | Villager (Male) |
| 3:31 | Build | House |
| 3:33 | Build | House |
| 3:45 | Create | Villager (Male) |
| 3:45 | Create | Villager (Male) |
| 4:05 | Create | Villager (Male) |
| 4:33 | Create | Villager (Male) |
| 4:33 | Create | Villager (Male) |
| 4:33 | Create | Villager (Male) |
| 4:44 | Build | Mill |
| 5:14 | Create | Villager (Male) |
| 5:14 | Create | Villager (Male) |
| 5:50 | Create | Villager (Male) |
| 5:50 | Create | Villager (Male) |
| 6:22 | Create | Villager (Male) |
| 6:22 | Create | Villager (Male) |
| 6:39 | Create | Villager (Male) |
| 7:24 | Build | House |
| 7:27 | Build | House |
| 7:30 | Build | House |
| 7:43 | Build | Farm |
| 8:04 | Build | Mining Camp |
| 8:22 | Research | Feudal Age |
| 8:49 | Build | House |
| 8:55 | Create | Villager (Male) |
| 8:55 | Create | Villager (Male) |
| 9:29 | Build | House |
| 9:58 | Build | House |
| 10:35 | Age | Feudal Age |
| 10:40 | Build | Market |
| 10:48 | Build | Blacksmith |
| 11:29 | Research | Castle Age |
| 11:30 | Research | Castle Age |
| 11:36 | Build | House |
| 11:50 | Research | Double-Bit Axe |
| 12:37 | Research | Horse Collar |
| 12:51 | Build | House |
| 12:52 | Build | House |
| 13:17 | Build | Farm |
| 13:21 | Build | Farm |
| 13:47 | Create | Villager (Male) |
| 13:47 | Create | Villager (Male) |
| 14:09 | Age | Castle Age |
| 14:12 | Build | Siege Workshop |
| 14:22 | Research | Bow Saw |
| 14:46 | Create | Mangonel |
| 14:58 | Build | Farm |
| 15:03 | Create | Villager (Male) |
| 15:12 | Build | House |
| 15:17 | Create | Villager (Male) |
| 15:30 | Create | Mangonel |
| 16:01 | Create | Villager (Male) |
| 16:02 | Create | Villager (Male) |
| 16:13 | Create | Mangonel |
| 16:14 | Create | Villager (Male) |
| 16:49 | Create | Mangonel |
| 16:57 | Build | House |
| 17:01 | Build | House |
| 17:03 | Create | Villager (Male) |
| 17:11 | Build | Palisade Wall |
| 17:16 | Build | Palisade Wall |
| 17:20 | Create | Mangonel |
| 17:21 | Create | Villager (Male) |
| 17:21 | Create | Villager (Male) |
| 17:58 | Build | Farm |
| 18:02 | Build | Farm |
| 18:18 | Build | Palisade Wall |
| 18:20 | Build | Farm |
| 18:22 | Create | Villager (Male) |
| 18:26 | Build | Farm |
| 18:30 | Build | Town Center |
| 18:59 | Build | Farm |
| 19:00 | Build | Farm |
| 19:02 | Build | Farm |
| 19:03 | Build | Farm |
| 19:10 | Create | Villager (Male) |
| 19:16 | Build | Farm |
| 19:39 | Create | Villager (Male) |
| 19:39 | Create | Villager (Male) |
| 20:11 | Build | Farm |
| 20:28 | Create | Villager (Male) |
| 20:28 | Create | Villager (Male) |
Build order — 看到西班牙两股战战几欲先走
First 150 of 207 actions detected
| 0:01 | Create | Villager (Male) |
| 0:02 | Create | Villager (Male) |
| 0:03 | Build | House |
| 0:05 | Build | House |
| 0:06 | Create | Villager (Male) |
| 0:07 | Create | Villager (Male) |
| 1:30 | Create | Villager (Male) |
| 1:52 | Build | Lumber Camp |
| 2:00 | Create | Villager (Male) |
| 2:00 | Create | Villager (Male) |
| 2:34 | Create | Villager (Male) |
| 2:38 | Create | Villager (Male) |
| 3:11 | Create | Villager (Male) |
| 3:11 | Create | Villager (Male) |
| 3:42 | Create | Villager (Male) |
| 3:54 | Build | House |
| 4:12 | Create | Villager (Male) |
| 4:12 | Create | Villager (Male) |
| 4:23 | Build | Mill |
| 4:25 | Create | Villager (Male) |
| 4:54 | Create | Villager (Male) |
| 5:24 | Create | Villager (Male) |
| 5:24 | Create | Villager (Male) |
| 5:24 | Create | Villager (Male) |
| 5:46 | Build | House |
| 5:47 | Create | Villager (Male) |
| 6:03 | Create | Villager (Male) |
| 6:07 | Build | House |
| 6:31 | Build | Farm |
| 7:03 | Create | Villager (Male) |
| 7:18 | Build | Farm |
| 7:26 | Create | Villager (Male) |
| 7:29 | Build | Farm |
| 7:32 | Build | Farm |
| 7:34 | Build | Farm |
| 7:48 | Build | Farm |
| 7:52 | Create | Villager (Male) |
| 8:25 | Research | Feudal Age |
| 8:25 | Research | Feudal Age |
| 9:13 | Create | Villager (Male) |
| 9:13 | Create | Villager (Male) |
| 9:44 | Create | Villager (Male) |
| 9:44 | Create | Villager (Male) |
| 10:35 | Age | Feudal Age |
| 10:35 | Research | Castle Age |
| 10:35 | Research | Castle Age |
| 11:17 | Research | Double-Bit Axe |
| 11:19 | Research | Horse Collar |
| 12:11 | Build | Stable |
| 12:26 | Build | Farm |
| 12:28 | Build | Farm |
| 12:40 | Create | Villager (Male) |
| 12:53 | Build | House |
| 13:13 | Build | Mining Camp |
| 13:15 | Age | Castle Age |
| 13:17 | Create | Scout Cavalry |
| 13:26 | Create | Scout Cavalry |
| 13:35 | Create | Villager (Male) |
| 13:48 | Build | House |
| 13:52 | Create | Scout Cavalry |
| 13:58 | Create | Villager (Male) |
| 14:21 | Build | Town Center |
| 14:24 | Create | Villager (Male) |
| 14:31 | Create | Knight |
| 14:31 | Create | Knight |
| 14:59 | Create | Knight |
| 14:59 | Create | Villager (Male) |
| 15:00 | Create | Villager (Male) |
| 15:27 | Create | Knight |
| 15:28 | Create | Knight |
| 15:55 | Create | Villager (Male) |
| 15:56 | Create | Villager (Male) |
| 16:00 | Create | Knight |
| 16:10 | Build | Town Center |
| 16:21 | Create | Knight |
| 16:22 | Create | Villager (Male) |
| 16:23 | Create | Villager (Male) |
| 16:23 | Create | Villager (Male) |
| 16:25 | Create | Villager (Male) |
| 16:25 | Create | Villager (Male) |
| 16:59 | Create | Villager (Male) |
| 17:02 | Build | Mining Camp |
| 17:03 | Create | Knight |
| 17:03 | Create | Knight |
| 17:14 | Create | Villager (Male) |
| 17:20 | Build | House |
| 17:21 | Build | House |
| 17:28 | Build | Farm |
| 17:28 | Build | Farm |
| 17:45 | Build | Farm |
| 17:45 | Build | Farm |
| 17:51 | Create | Villager (Male) |
| 17:51 | Create | Villager (Male) |
| 17:54 | Build | Farm |
| 18:10 | Build | Farm |
| 18:13 | Create | Villager (Male) |
| 18:13 | Create | Villager (Male) |
| 18:16 | Build | Farm |
| 18:28 | Build | Farm |
| 18:31 | Create | Villager (Male) |
| 18:31 | Create | Villager (Male) |
| 18:39 | Build | Farm |
| 18:48 | Build | Farm |
| 18:53 | Create | Villager (Male) |
| 18:54 | Create | Villager (Male) |
| 18:59 | Build | Farm |
| 19:01 | Create | Villager (Male) |
| 19:01 | Create | Villager (Male) |
| 19:04 | Build | Farm |
| 19:12 | Create | Villager (Male) |
| 19:18 | Build | Farm |
| 19:23 | Create | Villager (Male) |
| 19:23 | Create | Villager (Male) |
| 19:26 | Build | Farm |
| 19:41 | Build | Farm |
| 19:41 | Create | Villager (Male) |
| 19:42 | Create | Villager (Male) |
| 19:42 | Create | Villager (Male) |
| 19:57 | Create | Villager (Male) |
| 20:01 | Build | Farm |
| 20:02 | Build | Farm |
| 20:04 | Create | Knight |
| 20:09 | Build | Farm |
| 20:13 | Create | Villager (Male) |
| 20:13 | Create | Villager (Male) |
| 20:20 | Create | Villager (Male) |
| 20:21 | Create | Villager (Male) |
| 20:31 | Build | House |
| 20:32 | Build | House |
| 20:33 | Build | House |
| 20:34 | Build | House |
| 20:37 | Create | Knight |
| 20:37 | Create | Knight |
| 20:40 | Create | Villager (Male) |
| 20:41 | Create | Villager (Male) |
| 20:44 | Build | Blacksmith |
| 20:51 | Create | Villager (Male) |
| 21:02 | Create | Villager (Male) |
| 21:02 | Create | Villager (Male) |
| 21:02 | Create | Villager (Male) |
| 21:05 | Build | Farm |
| 21:08 | Build | Farm |
| 21:21 | Create | Villager (Male) |
| 21:23 | Build | Farm |
| 21:28 | Build | Farm |
| 21:32 | Create | Villager (Male) |
| 21:41 | Research | Scale Barding Armor |
| 21:41 | Research | Scale Barding Armor |
| 21:44 | Build | Farm |
| 21:44 | Build | Farm |
Build order — joosephy
97 actions detected in the replay
| 0:01 | Create | Villager (Male) |
| 0:01 | Create | Villager (Male) |
| 0:02 | Build | House |
| 0:04 | Build | House |
| 0:48 | Create | Villager (Male) |
| 0:48 | Create | Villager (Male) |
| 0:48 | Create | Villager (Male) |
| 1:45 | Create | Villager (Male) |
| 2:02 | Create | Villager (Male) |
| 2:02 | Create | Villager (Male) |
| 2:25 | Create | Villager (Male) |
| 2:25 | Create | Villager (Male) |
| 2:25 | Create | Villager (Male) |
| 3:05 | Build | Lumber Camp |
| 3:17 | Create | Villager (Male) |
| 3:29 | Build | House |
| 3:30 | Build | House |
| 3:33 | Create | Villager (Male) |
| 4:12 | Create | Villager (Male) |
| 4:39 | Create | Villager (Male) |
| 4:57 | Create | Villager (Male) |
| 5:26 | Create | Villager (Male) |
| 5:54 | Create | Villager (Male) |
| 6:10 | Build | Mill |
| 6:13 | Create | Villager (Male) |
| 6:25 | Create | Villager (Male) |
| 7:08 | Create | Villager (Male) |
| 7:17 | Build | Mining Camp |
| 7:30 | Create | Villager (Male) |
| 7:50 | Research | Feudal Age |
| 7:53 | Create | Villager (Male) |
| 7:55 | Research | Feudal Age |
| 9:10 | Create | Villager (Male) |
| 9:10 | Create | Villager (Male) |
| 9:23 | Build | House |
| 9:34 | Build | Barracks |
| 10:36 | Age | Feudal Age |
| 10:54 | Build | Stable |
| 10:59 | Build | Blacksmith |
| 11:34 | Research | Castle Age |
| 11:34 | Research | Castle Age |
| 12:15 | Build | House |
| 12:19 | Build | House |
| 13:01 | Research | Double-Bit Axe |
| 13:17 | Build | House |
| 13:24 | Create | Villager (Male) |
| 14:14 | Age | Castle Age |
| 14:14 | Create | Knight |
| 14:17 | Build | Farm |
| 14:19 | Build | Farm |
| 14:21 | Build | Farm |
| 14:24 | Build | Farm |
| 14:29 | Build | Farm |
| 14:31 | Create | Villager (Male) |
| 14:34 | Build | Farm |
| 15:01 | Research | Loom |
| 15:13 | Build | Farm |
| 15:14 | Create | Villager (Male) |
| 15:19 | Build | Farm |
| 15:23 | Build | Farm |
| 15:28 | Build | Farm |
| 15:45 | Create | Villager (Male) |
| 15:50 | Build | Farm |
| 16:15 | Create | Villager (Male) |
| 16:17 | Build | Farm |
| 16:19 | Create | Villager (Male) |
| 16:22 | Build | Farm |
| 16:23 | Build | Farm |
| 16:36 | Create | Villager (Male) |
| 16:38 | Build | Farm |
| 16:45 | Build | Monastery |
| 16:51 | Build | Farm |
| 16:53 | Create | Knight |
| 17:06 | Build | Farm |
| 17:12 | Build | Farm |
| 17:23 | Build | House |
| 17:26 | Build | Farm |
| 17:28 | Create | Villager (Male) |
| 17:28 | Create | Monk |
| 17:39 | Create | Villager (Male) |
| 17:44 | Create | Knight |
| 18:13 | Create | Villager (Male) |
| 18:23 | Create | Knight |
| 18:27 | Build | Farm |
| 18:29 | Build | House |
| 18:31 | Build | Farm |
| 18:35 | Research | Wheelbarrow |
| 18:37 | Create | Knight |
| 19:31 | Create | Villager (Male) |
| 19:33 | Create | Knight |
| 19:34 | Research | Scale Barding Armor |
| 19:36 | Create | Villager (Male) |
| 19:40 | Create | Villager (Male) |
| 19:49 | Create | Monk |
| 19:52 | Create | Knight |
| 19:52 | Create | Villager (Male) |
| 19:55 | Build | Farm |
Build order — Izumi Yuki
130 actions detected in the replay
| 0:02 | Create | Villager (Male) |
| 0:02 | Create | Villager (Male) |
| 0:02 | Create | Villager (Male) |
| 0:03 | Create | Villager (Male) |
| 0:03 | Create | Villager (Male) |
| 0:04 | Build | House |
| 0:05 | Build | House |
| 1:26 | Create | Villager (Male) |
| 1:26 | Create | Villager (Male) |
| 1:46 | Build | Lumber Camp |
| 2:06 | Create | Villager (Male) |
| 2:06 | Create | Villager (Male) |
| 2:34 | Create | Villager (Male) |
| 2:34 | Create | Villager (Male) |
| 3:22 | Create | Villager (Male) |
| 3:22 | Create | Villager (Male) |
| 3:25 | Create | Villager (Male) |
| 3:27 | Build | House |
| 3:51 | Build | Mill |
| 4:03 | Create | Villager (Male) |
| 4:08 | Create | Villager (Male) |
| 4:39 | Create | Villager (Male) |
| 5:17 | Create | Villager (Male) |
| 5:38 | Create | Villager (Male) |
| 6:43 | Research | Feudal Age |
| 7:56 | Build | House |
| 8:03 | Create | Villager (Male) |
| 8:03 | Create | Villager (Male) |
| 8:54 | Age | Feudal Age |
| 8:58 | Build | Market |
| 9:00 | Build | Blacksmith |
| 9:54 | Research | Castle Age |
| 10:07 | Research | Double-Bit Axe |
| 10:38 | Build | Mining Camp |
| 10:59 | Build | House |
| 11:05 | Create | Villager (Male) |
| 11:54 | Research | Loom |
| 11:57 | Create | Villager (Male) |
| 12:34 | Age | Castle Age |
| 12:43 | Create | Villager (Male) |
| 12:49 | Build | Siege Workshop |
| 12:53 | Build | Siege Workshop |
| 13:32 | Create | Battering Ram |
| 13:33 | Create | Scorpion |
| 13:58 | Create | Scorpion |
| 13:59 | Create | Villager (Male) |
| 14:00 | Create | Villager (Male) |
| 14:19 | Create | Scorpion |
| 14:19 | Create | Villager (Male) |
| 14:21 | Create | Villager (Male) |
| 14:22 | Build | Farm |
| 14:24 | Build | Farm |
| 14:34 | Create | Scorpion |
| 14:38 | Build | House |
| 15:02 | Create | Villager (Male) |
| 15:09 | Build | House |
| 15:11 | Create | Scorpion |
| 15:17 | Build | Farm |
| 15:19 | Build | Farm |
| 15:21 | Build | Farm |
| 15:35 | Create | Scorpion |
| 15:37 | Build | House |
| 16:11 | Create | Scorpion |
| 16:11 | Create | Scorpion |
| 16:21 | Create | Villager (Male) |
| 16:22 | Create | Villager (Male) |
| 16:24 | Build | Farm |
| 16:52 | Create | Scorpion |
| 16:52 | Create | Scorpion |
| 17:07 | Create | Scorpion |
| 17:08 | Create | Scorpion |
| 17:21 | Create | Villager (Male) |
| 17:22 | Create | Scorpion |
| 17:22 | Create | Scorpion |
| 17:27 | Build | Farm |
| 17:37 | Create | Scorpion |
| 17:37 | Create | Scorpion |
| 17:41 | Create | Villager (Male) |
| 17:46 | Create | Villager (Male) |
| 17:54 | Create | Villager (Male) |
| 17:55 | Create | Scorpion |
| 18:05 | Create | Villager (Male) |
| 18:07 | Build | Farm |
| 18:12 | Create | Villager (Male) |
| 18:26 | Build | House |
| 18:27 | Build | House |
| 18:40 | Build | Farm |
| 19:00 | Build | Farm |
| 19:12 | Create | Scorpion |
| 19:12 | Create | Scorpion |
| 19:17 | Create | Villager (Male) |
| 19:35 | Create | Villager (Male) |
| 19:37 | Build | Farm |
| 19:48 | Create | Villager (Male) |
| 19:50 | Build | Farm |
| 19:58 | Create | Scorpion |
| 19:58 | Create | Scorpion |
| 20:07 | Create | Scorpion |
| 20:08 | Create | Scorpion |
| 20:08 | Create | Villager (Male) |
| 20:27 | Create | Villager (Male) |
| 20:33 | Create | Villager (Male) |
| 20:39 | Build | House |
| 20:40 | Build | House |
| 20:51 | Build | House |
| 20:53 | Build | House |
| 21:04 | Create | Villager (Male) |
| 21:21 | Create | Villager (Male) |
| 21:30 | Create | Scorpion |
| 21:30 | Create | Scorpion |
| 21:33 | Create | Villager (Male) |
| 21:51 | Create | Villager (Male) |
| 22:00 | Create | Villager (Male) |
| 22:03 | Build | Mining Camp |
| 22:07 | Create | Scorpion |
| 22:30 | Create | Villager (Male) |
| 22:44 | Create | Villager (Male) |
| 22:59 | Create | Villager (Male) |
| 23:22 | Create | Villager (Male) |
| 23:32 | Create | Villager (Male) |
| 23:34 | Create | Villager (Male) |
| 23:58 | Create | Scorpion |
| 23:58 | Create | Scorpion |
| 24:12 | Create | Villager (Male) |
| 24:18 | Build | Lumber Camp |
| 24:22 | Build | Town Center |
| 24:29 | Create | Scorpion |
| 24:29 | Create | Scorpion |
| 24:30 | Create | Villager (Male) |
| 24:46 | Create | Villager (Male) |
Match timeline
| 7:54 | Bizzy · wall_segment Palisade Wall x1 |
| 8:10 | TS-精锐狐狐 · age_up feudal |
| 8:18 | Bizzy · wall_segment Palisade Wall x1 |
| 8:39 | Bizzy · age_up feudal |
| 8:39 | Bizzy · wall_segment Palisade Wall x4 |
| 8:50 | Bizzy · wall_segment Palisade Wall x1 |
| 8:54 | Izumi Yuki · age_up feudal |
| 9:09 | Bizzy · wall_segment Palisade Wall x6 |
| 9:18 | Bizzy · wall_segment Palisade Wall x1 |
| 9:22 | Bizzy · wall_segment Palisade Wall x1 |
| 9:28 | 彪德西 · age_up feudal |
| 9:34 | joosephy · first_building Barracks |
| 9:39 | Bizzy · wall_segment Palisade Wall x7 |
| 9:50 | 慕华花繁 · first_building Barracks |
| 9:52 | Izumi Yuki · first_market_sell 100 stone |
| 10:35 | 看到西班牙两股战战几欲先走 · age_up feudal |
| 10:35 | vince · age_up feudal |
| 10:36 | joosephy · age_up feudal |
| 10:37 | Bizzy · wall_segment Palisade Wall x1 |
| 10:54 | joosephy · first_building Stable |
| 11:01 | 慕华花繁 · age_up feudal |
| 11:03 | 慕华花繁 · first_building Stable |
| 12:02 | Bizzy · wall_segment Palisade Wall x1 |
| 12:04 | Bizzy · wall_segment Palisade Wall x1 |
| 12:06 | Bizzy · wall_segment Palisade Wall x1 |
| 12:07 | Bizzy · wall_segment Palisade Wall x1 |
| 12:11 | 看到西班牙两股战战几欲先走 · first_building Stable |
| 12:28 | 彪德西 · first_building Stable |
| 12:34 | Izumi Yuki · age_up castle |
| 12:49 | Izumi Yuki · first_building Siege Workshop |
| 13:15 | 看到西班牙两股战战几欲先走 · age_up castle |
| 14:09 | vince · age_up castle |
| 14:12 | vince · first_building Siege Workshop |
| 14:14 | joosephy · age_up castle |
| 14:24 | 彪德西 · age_up castle |
| 14:32 | 慕华花繁 · age_up castle |
| 16:45 | joosephy · first_building Monastery |
| 17:11 | vince · wall_segment Palisade Wall x1 |
| 17:16 | vince · wall_segment Palisade Wall x1 |
| 17:28 | Bizzy · wall_segment Palisade Wall x1 |
| 17:29 | Bizzy · wall_segment Palisade Wall x1 |
| 17:45 | Bizzy · wall_segment Palisade Wall x1 |
| 17:46 | Bizzy · wall_segment Palisade Wall x1 |
| 17:47 | Bizzy · wall_segment Palisade Wall x1 |
| 18:18 | vince · wall_segment Palisade Wall x1 |
| 18:35 | Bizzy · wall_segment Palisade Wall x1 |
| 20:14 | joosephy · resign |
| 20:14 | 彪德西 · first_building Siege Workshop |
| 20:26 | 慕华花繁 · first_building Monastery |
| 23:53 | 彪德西 · first_building Castle |
[ AI ANALYSIS · 1 CREDIT ]
What really happened in this match?
Wolo.gg analyzes every decision: build order, eco, micro, common mistakes by bracket. Personalized analysis on WhatsApp or Discord in 30 seconds.
Civ guide
Teutons
Perfil
Jugador #4031083